 Dungeon Crawl Stone Soup version 0.21.1-1-g345015f (webtiles) character file.

73 sking99 the Slasher (level 4, -1/37 HPs)
             Began as a Barachi Fighter on June 25, 2018.
             Slain by a gnoll
             ... wielding a +0 spear
              (6 damage)
             ... on level 2 of the Dungeon.
             The game lasted 00:05:19 (1494 turns).

sking99 the Slasher (Barachi Fighter)               Turns: 1494, Time: 00:05:20

Health: -1/37      AC:  7    Str: 23    XL:     4   Next: 27%
Magic:  4/4        EV:  7    Int:  8    God:
Gold:   64         SH:  9    Dex: 12    Spells: 3/3 levels left

rFire    . . .     SeeInvis .   a - +0 long sword
rCold    . . .     Gourm    .   c - +0 shield
rNeg     . . .     Faith    .   b - +0 scale mail
rPois    .         Spirit   .   (no helmet)
rElec    .         Reflect  .   (no cloak)
rCorr    .         Harm     .   (no gloves)
MR       .....                  (no boots)
Stlth    ..........             (no amulet)
HPRegen  0.12/turn              (no ring)
MPRegen  0.09/turn              (no ring)

@: mighty, can't hop, slow
A: +LOS, swims, slowness 1, strong legs 1
a: Hop


You were on level 2 of the Dungeon.
You were not hungry.

You visited 1 branch of the dungeon, and saw 2 of its levels.

You collected 64 gold pieces.

Inventory:

Hand Weapons
 a - a +0 long sword (weapon)
Armour
 b - a +0 scale mail (worn)
 c - a +0 shield (worn)
Jewellery
 e - a cursed ring of loudness {unknown}
Scrolls
 h - 4 scrolls of identify {unknown}
 i - a scroll of teleportation {unknown}
 k - a scroll of immolation {unknown}
 l - a scroll of enchant armour {unknown}
 m - a scroll of remove curse {unknown}
Comestibles
 f - 2 rations
 g - 2 chunks of flesh


   Skills:
 - Level 3.7 Fighting
 + Level 5.1 Long Blades
 - Level 3.7 Armour
 - Level 3.3 Shields


You had 3 spell levels left.
You didn't know any spells.

Dungeon Overview and Level Annotations

Branches:
Dungeon (2/15)

Altars:


Innate Abilities, Weirdness & Mutations

Shadows flee at your approach. (+LOS)
You can swim through water.
You cover ground slowly.
You can hop short distances.


Message History

* * * LOW HITPOINT WARNING * * *
You slice the gnoll!!
You kill the gnoll!
Your Long Blades skill increases to level 5!
The gnoll hits you but does no damage. You block the gnoll's attack.
The gnoll hits you but does no damage. You block the gnoll's attack.
You see here a flail.
You closely miss the gnoll. The gnoll hits you but does no damage.
You block the gnoll's attack. The gnoll hits you with a halberd.
* * * LOW HITPOINT WARNING * * *
You closely miss the gnoll. You block the gnoll's attack.
The gnoll completely misses you. The gnoll closely misses you.
It was a potion of curing.
You feel better. You block the gnoll's attack. The gnoll closely misses you.
You slash the gnoll!
The gnoll is almost dead.
You block the gnoll's attack. x2; The gnoll hits you with a flail!
* * * LOW HITPOINT WARNING * * *
The gnoll hits you from afar with a spear.
You die...

#...#####.........
#..........####### ######
#####...####...#
#....####.....#..###.#.# #
#.........###.##...#.#.# ###
#.........# #.####...#.#####..
#.........# #.#..............#
#.........###.#.####....######
#####........@..###..#...#
#......##ggg....##.#.....
#...[.......######.#####.
#........##..)..........
#........#####.>......).
#......#.....#g.........
###....#####............
#.#..# ###.......... ##.#..#
#..........


You could see 3 gnolls.

Vanquished Creatures
  A gnoll (D:2)
  2 adders (D:2)
  3 dart slugs
  A leopard gecko (D:1)
  A giant cockroach (D:2)
  2 goblins
  5 hobgoblins
  8 jackals
  2 bats (D:1)
  4 frilled lizards (D:1)
  5 kobolds
  4 rats
38 creatures vanquished.

Notes
Turn   | Place    | Note
-------+----------+-------------------------------------------
     0 | D:1      | sking99 the Barachi Fighter began the quest for the Orb.
     0 | D:1      | Reached XP level 1. HP: 18/18 MP: 1/1
    93 | D:1      | Reached skill level 3 in Long Blades
    93 | D:1      | Reached XP level 2. HP: 25/25 MP: 2/2
   622 | D:1      | Reached XP level 3. HP: 28/30 MP: 3/3
   734 | D:1      | Reached skill level 4 in Long Blades
  1063 | D:2      | Found a faded altar of an unknown god.
  1310 | D:2      | Reached XP level 4. HP: 30/37 MP: 4/4
  1489 | D:2      | Reached skill level 5 in Long Blades
  1494 | D:2      | Slain by a gnoll

Skill      XL: |  1  2  3  4 |
---------------+-------------+-----
Long Blades    | 3 4 5 |  5.1
Fighting       | |  3.7
Armour         | |  3.7
Shields        | |  3.3

Action                   |  1- 3 |  4- 6 || total
-------------------------+-------+-------++-------
Melee: Long sword        |   110 |    17 ||   127
 Abil: Hop               |       |     1 ||     1
  Use: Potion            |       |     2 ||     2
  Eat: Chunk             |     2 |     1 ||     3
Armor: Scale mail        |    44 |     7 ||    51
Dodge: Dodged            |    29 |     8 ||    37
Block: Shield            |    60 |    14 ||    74
       Rpst.: Long sword |    12 |       ||    12
